 Seeded DCSS version 0.30.1-9-gdf580d7c3d (webtiles) character file.

Game seed: 10807635437342793882 (custom seed)

224724 Psyclone the Eclecticist (level 18, -4/112 HPs)
             Began as a Deep Elf Conjurer on Oct 2, 2023.
             Was a Priest of Ashenzari.
             Slain by a ghost moth (5 damage)
             ... while paralysed
             ... on level 3 of the Spider Nest.
             The game lasted 02:41:13 (44888 turns).

Psyclone the Eclecticist (Deep Elf Conjurer)       Turns: 44888, Time: 02:41:14

Health: -4/112     AC: 18    Str:  0 (8)  XL:     18   Next: 60%
Magic:  0/54       EV:  2    Int: 28 (30) God:    Ashenzari [***...]
Gold:   1177       SH:  0    Dex: 15 (18) Spells: 18/59 levels left

rFire   + + .        a - +3 Elemental Staff {rElec rF+ rC+ AC+3, Self, Bglg} (curse)
rCold   + + +        W - +2 buckler of Panopticon {AC+3, Bglg, Fort} (curse)
rNeg    . . .        H - +2 robe {rF+}
rPois   +            U - +2 helmet "Gnosis of Ashenzari" {SInv, Elem, Bglg} (curse)
rElec   +            R - +2 cloak of Ashenzari's Stars {rPois, Alch, Bglg} (curse)
rCorr   .            J - +0 pair of gloves
SInv    +            N - +0 pair of boots
Will    ++++.        d - amulet "Sibylline Soothsayer" {Acrobat rC++ Will+++ Dex-3 Stlth-, Self, Bglg} (curse)
Stlth   +            D - ring of magical power
HPRegen 0.00/turn    Y - +6 ring of strength
MPRegen 0.34/turn

%: acrobat, clarity
@: paralysed, inhibited regen, slowed, lost strength, studying Long Blades
A: agile 2, clarity
}: 1/15 runes: barnacled
a: Renounce Religion, Curse Item, Shatter the Chains


You were on level 3 of the Spider Nest.
You worshipped Ashenzari.
Ashenzari was most pleased with you.
You visited 6 branches of the dungeon, and saw 30 of its levels.
You also visited: Bailey and Ice Cave.

You collected 3220 gold pieces.
You spent 2043 gold pieces at shops.

Inventory:

Hand Weapons
 a - the cursed +3 Elemental Staff (weapon) {rElec rF+ rC+ AC+3, Self, Bglg}
   (You acquired it on level 1 of the Dungeon)

   It enhances your fire, ice, earth and air magic.
   AC:        It affects your AC (+3).
   rF:        It protects you from fire.
   rC:        It protects you from cold.
   rElec:     It insulates you from electricity.
   It has a curse which improves the following skills: Introspection: Fighting
   and Spellcasting.
   Beguiling: Conjurations, Hexes and Translocations.
Missiles
 r - 9 curare-tipped darts
 A - 8 throwing nets {!f}
Armour
 H - a +2 robe of fire resistance (worn)
 J - a +0 pair of gloves (worn)
 N - a +0 pair of boots (worn)
 R - the cursed +2 cloak of Ashenzari's Stars (worn) {rPois, Alch, Bglg}
   (You found it on level 5 of the Lair of Beasts)

   It has a curse which improves the following skills: Alchemy: Poison Magic and
   Transmutations.
   Beguiling: Conjurations, Hexes and Translocations.
 U - the cursed +2 helmet "Gnosis of Ashenzari" (worn) {SInv, Elem, Bglg}
   (You bought it in a shop on level 11 of the Dungeon)

   It has a curse which improves the following skills: Elements: Fire Magic, Ice
   Magic, Air Magic and Earth Magic.
   Beguiling: Conjurations, Hexes and Translocations.
 W - the cursed +2 buckler of Panopticon (worn) {AC+3, Bglg, Fort}
   (You found it in an ice cave)

   It has a curse which improves the following skills: Beguiling: Conjurations,
   Hexes and Translocations.
   Fortitude: Armour and Shields.
Jewellery
 c - a ring of resist corrosion
 d - the cursed amulet "Sibylline Soothsayer" (around neck) {Acrobat rC++ Will+++ Dex-3 Stlth-, Self, Bglg}
   (You acquired it on level 1 of the Dungeon)

   [amulet of the acrobat]

   It increases your evasion while moving and waiting.
   Dex:       It affects your dexterity (-3).
   rC:        It greatly protects you from cold.
   Will:      It greatly increases your willpower.
   Stlth:     It makes you less stealthy.
   It has a curse which improves the following skills: Introspection: Fighting
   and Spellcasting.
   Beguiling: Conjurations, Hexes and Translocations.
 D - a ring of magical power (left hand)
 F - a ring of ice
 L - a ring of protection from fire
 Q - a +5 ring of evasion
 V - a ring of flight
 Y - a +6 ring of strength (right hand)
Wands
 p - a wand of acid (23)
 w - a wand of iceblast (12)
 y - a wand of flame (61)
 B - a wand of charming (41)
 G - a wand of polymorph (7)
 T - a wand of mindburst (12)
 X - a wand of digging (2)
Scrolls
 f - 5 scrolls of immolation
 j - 15 scrolls of teleportation
 l - 5 scrolls of vulnerability
 o - 5 scrolls of poison
 s - 2 scrolls of fear
 t - 4 scrolls of enchant weapon
 C - 3 scrolls of blinking
 I - 2 scrolls of enchant armour
 K - 4 scrolls of magic mapping
 M - 3 scrolls of torment
 O - 4 scrolls of fog
 P - 8 scrolls of amnesia
Potions
 b - 2 potions of magic
 e - a potion of mutation
 g - 16 potions of curing
 h - 3 potions of resistance
 i - 11 potions of lignification
 k - 7 potions of invisibility
 m - 12 potions of heal wounds
 n - 6 potions of flight
 q - 3 potions of cancellation
 u - 5 potions of brilliance
 v - 3 potions of might
 x - 3 potions of berserk rage
 E - 7 potions of haste
 S - 6 potions of degeneration
Miscellaneous
 z - a piece from Xom's chessboard (15/15)


   Skills:
 - Level 10.0(12.2) Fighting
 - Level 10.0 Dodging
 - Level 2.4 Stealth
 - Level 5.0(6.4) Shields
 - Level 19.0(21.0) Spellcasting
 - Level 17.3(21.3) Conjurations
 - Level 6.0(7.5) Transmutations
 - Level 6.0(7.5) Fire Magic
 - Level 6.0(7.5) Ice Magic
 + Level 18.2(19.6) Air Magic
 - Level 10.8(12.3) Poison Magic


You had 18 spell levels left.
You knew the following spells:

 Your Spells              Type           Power      Damage    Failure   Level
a - Magic Dart            Conj           100%       1d8       0%          1
b - Maxwell's Capacitive  Air            59%        ∞         7%          8
c - Arcjolt               Conj/Air       60%        1d70      1%          5
d - Fulminant Prism       Conj/Hex       37%        3d18      1%          4
e - Iskenderun's Mystic   Conj/Tloc      74%        2d15      1%          4
f - Freezing Cloud        Conj/Ice/Air   66%        6-21      1%          5
g - Fireball              Conj/Fire      52%        3d20      1%          5
h - Searing Ray           Conj           100%       2d8       0%          2
s - Ignite Poison         Fire/Tmut/Pois 88%        N/A       1%          3
x - Olgreb's Toxic Radia  Pois           78%        N/A       1%          4

Your spell library contained the following spells:

 Spells                   Type           Power      Damage    Failure   Level
 Foxfire                  Conj/Fire      100%       2x1d9     0%          1
 Static Discharge         Conj/Air       100%       2-7/arc   0%          2
 Sting                    Tmut/Pois      100%       1d8       1%          1
 Cigotuvi's Dreadful Rot  Necr/Pois/Air  100%       N/A       1%          2
 Ensorcelled Hibernation  Hex/Ice        100%       N/A       1%          2
 Scorch                   Fire           100%       2d9       1%          2
 Dazzling Flash           Conj/Hex       100%       N/A       1%          3
 Frozen Ramparts          Ice            100%       1d16      1%          3
 Hailstorm                Conj/Ice       100%       3d20      1%          3
 Inner Flame              Hex/Fire       67%        N/A       1%          3
 Ozocubu's Armour         Ice            82%        N/A       1%          3
 Vhi's Electric Charge    Tloc/Air       100%       N/A       1%          3
 Volatile Blastmotes      Fire/Tloc      100%       2d18      1%          3
 Flame Wave               Conj/Fire      100%       2d21      1%          4
 Sticky Flame             Conj/Fire      100%       2d11      1%          4
 Silence                  Hex/Air        46%        N/A       1%          5
 Plasma Beam              Fire/Air       63%        2x1d86    1%          6
 Starburst                Conj/Fire      52%        6d14      1%          6
 Apportation              Tloc           64%        N/A       2%          1
 Necrotise                Necr           100%       1d9       3%          1
 Summon Small Mammal      Summ           100%       N/A       3%          1
 Summon Ice Beast         Ice/Summ       66%        N/A       7%          4
 Eringya's Noxious Bog    Tmut/Pois      35%        N/A       9%          6
 Metabolic Englaciation   Hex/Ice        33%        N/A       19%         5
 Leda's Liquefaction      Hex/Erth       23%        N/A       28%         4
 Animate Dead             Necr           29%        N/A       32%         4
 Summon Mana Viper        Hex/Summ       31%        N/A       63%         5
 Lee's Rapid Deconstruct  Erth           22%        3d13*     65%         5
 Agony                    Necr           29%        N/A       67%         5
 Simulacrum               Ice/Necr       33%        N/A       73%         6
 Statue Form              Tmut/Erth      44%        N/A       73%         6
 Summon Cactus Giant      Summ           14%        N/A       99%         6
 Haunt                    Necr/Summ      14%        N/A       100%        7
 Monstrous Menagerie      Summ           14%        N/A       100%        7
 Discord                  Hex            16%        N/A       100%        8
 Ignition                 Fire           41%        3d12      100%        8
 Infestation              Necr           14%        N/A       100%        8


Dungeon Overview and Level Annotations

Branches:
Dungeon (15/15) Zot: 25122  Temple (1/1) D:5 Zot: 5747    Lair (5/5) D:9 Zot: 22552
 Shoals (4/4) Lair:3 Zot: 15844  Spider (3/4) Lair:2 Zot: 13168   Slime (0/5) Lair:4
    Orc (2/2) D:10 Zot: 9444     Elf (0/3) Orc:2        Vaults (0/5) D:13
 Depths (0/4) D:15         Bailey (visited)           IceCv (visited)

Altars:
Ashenzari
Cheibriados
Dithmenos
Elyvilon
Fedhas
Gozag
Hepliaklqana
Kikubaaqudgha
Makhleb
Nemelex Xobeh
Okawaru
Qazlal
Ru
Sif Muna
Trog
Uskayaw
Vehumet
Wu Jian
Xom
Yredelemnul
Zin
The Shining One
Jiyva

Shops:
D:2 :   D:4 :   D:11 (([   D:13 (?   D:14 !   Orc:2 =(=!=   Shoals:2 *
Shoals:3 *

Annotations:
Shoals:3 exclusions: 2 downstairs and 1 more exclusion


Innate Abilities, Weirdness & Mutations

You are very agile. (Dex +8, Str/Int -2)
You possess an exceptional clarity of mind.


Message History

The ghost moth stares at you. The ghost moth barely misses you.
The ghost moth hits you! The ghost moth completely misses you.
You take 9 damage, and have 40/112 hp.
You hit the ghost moth but do no damage.
The ghost moth is severely wounded.
The ghost moth is engulfed in freezing vapours.
You block the ghost moth's attack.
The ghost moth hits you but does no damage.
The ghost moth stings you!
* * * LOW HITPOINT WARNING * * *
You take 9 damage, and have 31/112 hp.
You barely miss the ghost moth.
The ghost moth is severely wounded.
The ghost moth is engulfed in freezing vapours.
The ghost moth stares at you.
You feel your power leaking away. The ghost moth completely misses you.
The ghost moth hits you!
* * * LOW HITPOINT WARNING * * *
You feel weakened.
You have lost your strength.
The ghost moth stings you but does no damage.
The ghost moth is engulfed in freezing vapours.
The ghost moth stares at you. The ghost moth barely misses you.
The ghost moth hits you but does no damage.
The ghost moth stings you!
* * * LOW HITPOINT WARNING * * *
The ghost moth is engulfed in freezing vapours.
The ghost moth stares at you.
You feel your power leaking away.
The ghost moth hits you but does no damage.
The ghost moth hits you.
* * * LOW HITPOINT WARNING * * *
You feel dopey. The ghost moth stings you.
* * * LOW HITPOINT WARNING * * *
The ghost moth is engulfed in freezing vapours.
The ghost moth stares at you. The ghost moth hits you.
You die...

##..#..#* #..........###
##..#..#######............#
##..#.....^##...........^##
#..###..(...#...^.........#
#..##...#...#$........####
#########...#^.§§§.......##
#..#..###..###^§§§........#
[..[...##...#..§y§........##
##^#....#..##...@..........#
######.)#..##..............#
.##.#..###..##..........####
....#.......#............#
...###...^..##...........#
#########..###.........####
#...###..#..#....^...|....#
##..#...^...##.....†......#
##.##.....####....?......##


You could see a ghost moth (invisible).

Vanquished Creatures
  Bai Suzhen (Shoals:4)
  Rupert (Spider:1)
  A kraken (Shoals:4)
  Polyphemus (Shoals:4)
  Frances (D:13)
  Kirke (Shoals:3)
  A fenstrider witch (shapeshifter) (D:14)
  2 fire giants
  3 ghost moths (Spider:3)
  The ghost of Amadud the Skirmisher, a journeyman GnWn of Zin (D:14)
  3 broodmothers (Spider:2)
  A very ugly thing (D:14)
  Nessos (Lair:3)
  A spark wasp (Spider:3)
  The ghost of turdburglar the Nimble, a journeyman GnHs of Hepliaklqana (Lair:2)
  The ghost of turdburglar the Covert, a journeyman KoEn of Uskayaw (Lair:4)
  7 merfolk javelineers
  3 entropy weavers
  6 merfolk impalers
  6 hydras
  2 rakshasas (D:15)
  2 vault guards (D:13)
  5 jorogumos
  4 alligator snapping turtles
  3 catoblepae
  7 centaur warriors
  3 merfolk aquamancers
  2 radroaches
  4 merfolk avatars
  7 boulder beetles
  An anaconda (shapeshifter) (D:15)
  A death knight (D:13)
  7 two-headed ogres
  A deep troll earth mage (D:14)
  4 death yaks
  A tengu warrior (D:13)
  Sonja (Lair:3)
  3 skysharks
  A fire crab (Lair:4)
  A shadow wraith (D:14)
  A sun demon (D:13)
  An iron troll (shapeshifter) (D:14)
  The ghost of growler the Zephyrmancer, a novice TeAE of Hepliaklqana (D:10)
  6 pharaoh ants
  A sun moth (Spider:3)
  10 sea snakes
  3 skeletal warriors (D:15)
  A flayed ghost (D:10)
  A glowing orange brain (D:15)
  4 wizards
  19 harpies
  5 orc knights
  4 steelbarb worms
  3 orb spiders
  A necromancer (D:13)
  An oklob plant (Lair:2)
  2 deep elf pyromancers (D:13)
  15 ugly things
  15 wolf spiders
  15 manticores
  11 fauns
  3 orc sorcerers
  9 cyclopes
  3 moths of wrath (Spider:3)
  11 merfolk sirens
  4 black mambas
  5 elephants (Lair:3)
  Maurice (D:10)
  4 water nymphs
  21 cane toads
  A guardian serpent (shapeshifter) (D:14)
  A gargoyle (D:11)
  2 demonic crawlers
  An unseen horror (D:12)
  2 torpor snails
  3 ice statues (IceCv)
  A rime drake (Lair:2)
  8 komodo dragons
  3 freezing wraiths
  4 efreet (D:13)
  An anaconda simulacrum (IceCv)
  A yaktaur (D:14)
  6 polar bears
  6 meliai
  33 merfolk
  2 tyrant leeches (Lair:5)
  A hornet (D:7)
  10 trolls
  22 tarantellas
  9 wind drakes
  26 blink frogs
  8 snapping turtles
  24 jumping spiders
  A centaur simulacrum (D:15)
  17 slime creatures
  12 culicivoras
  A spriggan (shapeshifter) (D:14)
  2 shadows
  A dire elephant simulacrum (IceCv)
  6 water elementals
  2 wraiths (D:13)
  A culicivora (shapeshifter) (D:14)
  6 wyverns
  5 hogs (Shoals:4)
  3 steam dragons
  49 yaks
  17 humans (D:13)
  A fire elemental (D:13)
  6 basilisks
  2 wargs
  36 redbacks
  8 vampire mosquitoes
  5 acid dragons
  13 water moccasins
  3 sky beasts
  3 ice beasts
  32 orc warriors
  7 black bears
  9 wolves (Lair:5)
  9 ogres
  26 centaurs
  16 bullfrogs
  2 kobold brigands (D:8)
  5 scorpions
  2 gnoll sergeants
  A cane toad simulacrum (IceCv)
  A hornet simulacrum (D:14)
  10 killer bees
  An elephant simulacrum (IceCv)
  5 electric eels
  2 jellies
  10 orc priests
  Crazy Yiuf (D:7)
  2 gnoll boudas
  7 iguanas
  16 orc wizards
  A polar bear simulacrum (IceCv)
  6 hell rats (Lair:4)
  A wolf simulacrum (IceCv)
  A boggart simulacrum (D:12)
  22 gnolls
  3 adders
  A shadow imp (D:5)
  A white imp (D:6)
  3 ufetubi
  2 worms (D:2)
  3 dart slugs
  78 orcs
  5 bats
  11 endoplasms
  6 giant cockroaches
  6 goblins
  8 hobgoblins
  2 jackals (D:1)
  10 kobolds
  4 quokkas
  12 ball pythons
  3 frilled lizards
  6 rats
  A spectral goblin (D:1)
1019 creatures vanquished.

Vanquished Creatures (others)
  An acid dragon (D:9)
  47 fulminant prisms
  4 tentacles (Shoals:4)
52 creatures vanquished.

Grand Total: 1071 creatures vanquished

Notes
Turn   | Place    | Note
-------+----------+-------------------------------------------
     0 | D:1      | Psyclone the Deep Elf Conjurer began the quest for the Orb.
     0 | D:1      | Reached XP level 1. HP: 10/10 MP: 6/6
    46 | D:1      | Identified 2 scrolls of acquirement
    46 | D:1      | Acquired the amulet of Gofues {Acrobat rC++ Will+++ Dex-3
                  | Stlth-}
    56 | D:1      | Acquired the +3 Elemental Staff {rElec rF+ rC+ AC+3}
    56 | D:1      | Found the +3 Elemental Staff {rElec rF+ rC+ AC+3}
   358 | D:1      | Reached XP level 2. HP: 15/15 MP: 4/8
   399 | D:1      | Reached skill level 5 in Conjurations
   491 | D:1      | Learned a level 2 spell: Searing Ray
   504 | D:1      | Found a faded altar of an unknown god.
   935 | D:1      | You fall into a shaft and drop 1 floor!
   973 | D:2      | Reached XP level 3. HP: 19/19 MP: 8/10
  1661 | D:2      | Reached skill level 4 in Spellcasting
  2028 | D:2      | Found Zitt's Book Emporium.
  2049 | D:2      | Reached XP level 4. HP: 24/24 MP: 8/12
  2551 | D:3      | Found a glowing golden altar of the Shining One.
  3328 | D:4      | Reached XP level 5. HP: 27/28 MP: 10/14
  3354 | D:4      | Found Gaiguec's Book Boutique.
  3503 | D:4      | Reached skill level 5 in Spellcasting
  3605 | D:4      | Noticed an ogre
  3617 | D:4      | Killed an ogre
  3618 | D:4      | Reached XP level 6. HP: 32/32 MP: 10/16
  4017 | D:5      | Entered Level 5 of the Dungeon
  4150 | D:5      | Reached skill level 6 in Spellcasting
  4270 | D:5      | Found a staircase to the Ecumenical Temple.
  4281 | D:5      | Reached XP level 7. HP: 36/36 MP: 14/18
  4291 | Temple   | Entered the Ecumenical Temple
  4353 | Temple   | Became a worshipper of Ashenzari the Shackled
  4919 | D:5      | Reached skill level 7 in Spellcasting
  6021 | D:6      | Reached XP level 8. HP: 41/41 MP: 15/21
  6222 | D:6      | Reached skill level 8 in Spellcasting
  6286 | D:6      | Reached skill level 10 in Conjurations
  6643 | D:6      | Reached skill level 9 in Spellcasting
  7144 | D:7      | Learned a level 4 spell: Fulminant Prism
  7149 | D:7      | Learned a level 4 spell: Iskenderun's Mystic Blast
  7193 | D:7      | Reached XP level 9. HP: 42/45 MP: 14/24
  7771 | D:7      | Reached skill level 10 in Spellcasting
  8198 | D:7      | Found a runed translucent door.
  8199 | D:7      | Noticed Crazy Yiuf
  8207 | D:7      | Killed Crazy Yiuf
  8445 | D:8      | Found an opulent altar of Gozag.
  8476 | D:8      | Found a flagged portal.
  8594 | Bailey   | Entered a bailey
  9039 | Bailey   | Noticed an orc knight
  9045 | Bailey   | Killed an orc knight
  9046 | Bailey   | Reached skill level 11 in Spellcasting
  9217 | D:8      | Reached XP level 10. HP: 41/50 MP: 18/27
  9520 | D:2      | Bought the Omnibus of Inhalation and the Blizzard for 240
                  | gold pieces
  9526 | D:2      | Learned a level 5 spell: Arcjolt
  9684 | D:8      | Reached skill level 1 in Air Magic
  9784 | D:8      | Reached skill level 10 in Air Magic
  9784 | D:8      | Reached XP level 11. HP: 54/54 MP: 28/28
  9785 | D:8      | Reached XP level 12. HP: 72/72 MP: 29/29
  9786 | D:8      | Reached skill level 10 in Fighting
  9786 | D:8      | Reached XP level 13. HP: 82/82 MP: 30/30
 10490 | D:9      | Found a staircase to the Lair.
 10599 | D:9      | Found an ornate altar of the Wu Jian Council.
 10698 | D:9      | Reached skill level 5 in Dodging
 11677 | D:10     | Entered Level 10 of the Dungeon
 11918 | D:10     | Found a runed translucent gate.
 11925 | D:10     | Found a runed translucent gate.
 11925 | D:10     | Found a runed translucent gate.
 11925 | D:10     | Noticed growler's ghost (novice TeAE)
 11949 | D:10     | Acquired the Incunable of Cold and the Storm
 11959 | D:10     | Learned a level 5 spell: Freezing Cloud
 12271 | D:10     | Found a staircase to the Orcish Mines.
 12446 | D:10     | Noticed Maurice
 12455 | D:10     | Killed Maurice
 12456 | D:10     | Reached skill level 1 in Ice Magic
 12677 | Orc:1    | Entered Level 1 of the Orcish Mines
 13267 | D:2      | Bought the Unrestrained Analects for 552 gold pieces
 13272 | D:2      | Learned a level 4 spell: Olgreb's Toxic Radiance
 13542 | Orc:2    | Entered Level 2 of the Orcish Mines
 13555 | Orc:1    | Reached skill level 1 in Poison Magic
 13953 | Orc:1    | Found the +15 Maxwell's patent armour {-Cast -Tele rElec
                  | Will+ rCorr}
 14398 | D:4      | Bought a Trismegistus Codex for 338 gold pieces
 14753 | Orc:2    | Found Yfasat's Jewellery Boutique.
 14843 | Orc:2    | Learned a level 3 spell: Ignite Poison
 15008 | Orc:2    | Reached skill level 5 in Poison Magic
 15620 | Orc:2    | Found a staircase to the Elven Halls.
 15850 | Orc:2    | Found Racumab's Jewellery Emporium.
 15850 | Orc:2    | Found Xorch's Weapon Boutique.
 15852 | Orc:2    | Found Vaocis's Jewellery Shop.
 15854 | Orc:2    | Found Ynapomm's Distillery.
 16024 | Lair:1   | Entered Level 1 of the Lair of Beasts
 16374 | Lair:1   | Identified the +8 mace "Niroo" {drain, Contam *Noise Int+7
                  | Dex+8}
 16508 | Lair:1   | Identified the +3 leather armour of Vonyliy {rElec Int+2
                  | Dex+4}
 16941 | Lair:2   | Reached XP level 14. HP: 88/88 MP: 31/31
 17341 | Lair:2   | Reached skill level 10 in Poison Magic
 17345 | Lair:2   | Reached skill level 1 in Transmutations
 17458 | Lair:2   | Found a transporter.
 17467 | Lair:2   | Noticed turdburglar's ghost (journeyman GnHs)
 17474 | Lair:2   | Found a transporter.
 17821 | Lair:2   | Found a hole to the Spider Nest.
 18255 | Lair:3   | Noticed Nessos
 18259 | Lair:3   | Reached skill level 5 in Transmutations
 18262 | Lair:3   | Killed Nessos
 18348 | Lair:3   | Noticed Sonja
 18351 | Lair:3   | Killed Sonja
 18489 | Lair:3   | Reached skill level 1 in Fire Magic
 18814 | Lair:3   | Found a staircase to the Shoals.
 19128 | Lair:3   | Identified the +6 trident "Taseakhi" {venom, Fly rPois
                  | Int-4}
 19308 | Lair:3   | Reached skill level 5 in Fire Magic
 20222 | Lair:4   | Found a transporter.
 20235 | Lair:4   | Noticed turdburglar's ghost (journeyman KoEn)
 20240 | Lair:4   | Found a transporter.
 20527 | Lair:4   | Found a viscous altar of Jiyva.
 20527 | Lair:4   | Found a staircase to the Slime Pits.
 20603 | Lair:4   | Reached skill level 5 in Ice Magic
 20630 | Lair:4   | Killed turdburglar's ghost
 20747 | Lair:5   | Entered Level 5 of the Lair of Beasts
 20959 | Lair:5   | Reached skill level 12 in Spellcasting
 20986 | Lair:5   | Reached skill level 13 in Spellcasting
 21554 | Lair:5   | Reached skill level 14 in Spellcasting
 21554 | Lair:5   | Reached XP level 15. HP: 92/92 MP: 30/35
 22410 | D:11     | Found Ihaip's Antique Weapon Shop.
 22421 | D:11     | Reached skill level 15 in Spellcasting
 22560 | D:11     | Found Asiosuad's Antique Weapon Emporium.
 22593 | D:11     | Found Zugro's Antique Armour Shoppe.
 22608 | D:11     | Bought a shiny helmet for 217 gold pieces
 23836 | D:12     | Identified the +6 trident "Decui" {elec, rPois Int+3}
 24232 | D:13     | Found Kojuom's Antique Weapon Shoppe.
 24418 | D:13     | Reached skill level 15 in Conjurations
 24628 | D:13     | Found a frozen archway.
 24629 | D:13     | Found Lutacea's Magic Scroll Emporium.
 24718 | IceCv    | Entered an ice cave
 25447 | D:13     | Noticed a fire giant
 25450 | D:13     | Noticed Frances
 25458 | D:13     | Killed Frances
 25459 | D:13     | Reached skill level 10 in Dodging
 25463 | D:13     | Killed a fire giant
 26017 | D:13     | Found a gate to the Vaults.
 26556 | D:10     | Reached skill level 16 in Spellcasting
 26567 | D:10     | Killed growler's ghost
 26691 | Lair:2   | Killed turdburglar's ghost
 27419 | D:14     | Reached XP level 16. HP: 86/98 MP: 33/38
 27488 | D:14     | Found Vuub Sicuo's Distillery.
 27777 | D:14     | Gained mutation: You are partially covered in iridescent
                  | scales. (AC +2) [potion of mutation]
 27777 | D:14     | Gained mutation: Your mind is acute. (Int +4, Str/Dex -1)
                  | [potion of mutation]
 27777 | D:14     | Gained mutation: Your body sometimes deteriorates upon
                  | taking damage. [potion of mutation]
 27777 | D:14     | Gained mutation: You are agile. (Dex +4, Str/Int -1)
                  | [potion of mutation]
 27778 | D:14     | Lost mutation: You are partially covered in iridescent
                  | scales. (AC +2) [potion of mutation]
 27778 | D:14     | Lost mutation: Your mind is acute. (Int +4, Str/Dex -1)
                  | [potion of mutation]
 27778 | D:14     | Lost mutation: Your body sometimes deteriorates upon taking
                  | damage. [potion of mutation]
 27778 | D:14     | Gained mutation: You are very agile. (Dex +8, Str/Int -2)
                  | [potion of mutation]
 27778 | D:14     | Gained mutation: You possess an exceptional clarity of
                  | mind. [potion of mutation]
 27950 | D:14     | Noticed Amadud's ghost (journeyman GnWn)
 27956 | D:14     | Found a transporter.
 27973 | D:14     | Found a transporter.
 27982 | D:14     | Found the +4 skin of Zhor {*Englaciate rC+++ SInv}
 28227 | D:14     | Reached skill level 17 in Spellcasting
 28742 | D:14     | Acquired the Excursus on Transition and the Glacier
 29074 | D:2      | Bought the Octavo of Putrescence and the Icicle for 264
                  | gold pieces
 29228 | D:2      | Learned a level 5 spell: Fireball
 29798 | D:14     | Killed Amadud's ghost
 29947 | D:15     | Entered Level 15 of the Dungeon
 31388 | D:15     | Found a staircase to the Depths.
 31663 | Shoals:1 | Entered Level 1 of the Shoals
 32350 | Shoals:1 | Reached * piety under Ashenzari
 32889 | Shoals:1 | Reached skill level 1 in Shields
 33991 | Shoals:2 | Found Mytora's Gadget Gallery.
 34007 | Shoals:2 | Reached XP level 17. HP: 51/104 MP: 22/41
 34227 | Shoals:2 | Reached ** piety under Ashenzari
 35884 | Shoals:3 | Found Hisetwie's Humungous Hoard.
 36597 | Shoals:4 | Entered Level 4 of the Shoals
 36631 | Shoals:4 | Noticed Bai Suzhen
 36636 | Shoals:4 | Noticed Kirke
 36648 | Shoals:3 | Killed Kirke
 36995 | Shoals:4 | Noticed Polyphemus
 37002 | Shoals:4 | Killed Polyphemus
 37003 | Shoals:4 | Reached skill level 5 in Shields
 37003 | Shoals:4 | Reached skill level 15 in Air Magic
 37372 | Shoals:4 | Killed Bai Suzhen
 37375 | Shoals:4 | HP: 4/106 [death yak[Polyphemus] (14)]
 39513 | Shoals:4 | Noticed a kraken
 39519 | Shoals:4 | Killed a kraken
 39528 | Shoals:4 | Got a barnacled rune of Zot
 39714 | Spider:1 | Entered Level 1 of the Spider Nest
 39905 | Spider:1 | Noticed Rupert
 39920 | Spider:1 | Killed Rupert
 40602 | Spider:1 | Reached XP level 18. HP: 108/111 MP: 36/43
 41710 | Spider:2 | Reached *** piety under Ashenzari
 41946 | Spider:2 | Learned a level 8 spell: Maxwell's Capacitive Coupling
 42282 | Spider:2 | Reached skill level 18 in Spellcasting
 43664 | Spider:3 | Lost strength.
 43949 | Orc:2    | Bought a +6 ring of strength for 432 gold pieces
 44322 | Spider:3 | Reached skill level 19 in Spellcasting
 44886 | Spider:3 | Lost strength.
 44887 | Spider:3 | HP: 1/112 [ghost moth (6)]
 44888 | Spider:3 | Slain by a ghost moth

Illustrated notes

Levels and vault maps discovered:
D:1:      mushboom_english_gardens, layout_basic,
          dreamdust_ecumenical_altar_drowned_temple
D:2:      layout_loops_ring, serial_shops, shop, minmay_pentomino_p4
D:3:      wad_crossroads, layout_basic, mainiacjoe_overflow_surrounded_room
D:4:      layout_basic, serial_shops, shop_statue
D:5:      layout_layer_cave, minmay_temple_entry_sparse_star
D:6:      layout_loops_corners, kennysheep_generic_room_4
D:7:      layout_gridville, minmay_fractal_squares_5, uniq_crazy_yiuf_cottage
D:8:      layout_loops_ring, grunt_gozag_statues, enter_bailey_2, hex_tiny
D:9:      layout_small_grid, old_standard_altar, lair_entry_dummy
D:10:     layout_loops_cross, orc_0_dummy, gammafunk_ghost_split, uniq_maurice
D:11:     layout_cross, serial_shops, shop, kennysheep_mini_moat,
          nicolae_diamond_shop, grunt_ministairs_8
D:12:     layout_roguey
D:13:     minmay_firetagon, layout_cave_pods, grunt_vaults_entry_tiered,
          portal_ice_cave_entry_pillars_1, serial_shops, shop, shop,
          uniq_frances
D:14:     evilmike_horseshoe, layout_stronghold, kennysheep_another_room,
          serial_shops, nicolae_shop_stone, gammafunk_ghost_arena,
          dreamdust_mushroom_princess
D:15:     gammafunk_enter_depths_forms, layout_cave_pods, serial_park_tiny_2
Temple:   nicolae_temple_bog_church
Lair:1:   layout_cave_shapes, cheibrodos_lair_lostbears
Lair:2:   layout_hall_layers, nicolae_spider_entry_lesser_pyramids,
          nzn_ghost_randoct, st_stairs_13, beast_lair_carwin_1,
          infiniplex_staircase_pool_2
Lair:3:   layout_loops_ring, elwin_shoals_entry_stream, grunt_megastairs_1,
          uniq_sonja, uniq_nessos
Lair:4:   layout_regular_city, dpeg_slime_entry_enclosed, gammafunk_ghost_arena,
          serial_bayou_shore_a, serial_bayou_shore_b
Lair:5:   minmay_lair_end_frog_pond, layout_long_grid,
          kennysheep_basilisk_garden
Shoals:1: layout_shoals
Shoals:2: layout_shoals, nicolae_shop_gadgets
Shoals:3: layout_shoals, nicolae_alphabet_shops
Shoals:4: shoals_end_hangedman, layout_shoals, uniq_bai_suzhen, uniq_kirke,
          uniq_polyphemus
Spider:1: layout_spider_delve, uniq_rupert
Spider:2: nicolae_spider_obnoxious_hallway, drop_trap, spiders_nest_spider_trap
Spider:3: nicolae_spider_hilbert_zone_7 [nicolae_spider_hilbert_4_sides_1_open,
          nicolae_spider_hilbert_4_sides_1_open,
          nicolae_spider_hilbert_4_sides_1_open,
          nicolae_spider_hilbert_4_sides_1_open,
          nicolae_spider_hilbert_3_sides_1_open,
          nicolae_spider_hilbert_3_sides_1_open,
          nicolae_spider_hilbert_3_sides_1_open,
          nicolae_spider_hilbert_3_sides_1_open,
          nicolae_spider_hilbert_4_sides_1_open,
          nicolae_spider_hilbert_4_sides_1_open,
          nicolae_spider_hilbert_4_sides_1_open,
          nicolae_spider_hilbert_2_sides_1_open,
          nicolae_spider_hilbert_2_sides_1_open,
          nicolae_spider_hilbert_2_sides_1_open,
          nicolae_spider_hilbert_2_sides_1_open,
          nicolae_spider_hilbert_2_sides_1_open,
          nicolae_spider_hilbert_2_sides_1_open]
Orc:1:    layout_caves, dreamdust_deal_with_the_devil, nicolae_orc_bridge_out
Orc:2:    st_orc_rangers, layout_diamond_mine, serial_shops,
          nicolae_shop_gaudy_bauble

Skill      XL: |  1  2  3  4  5  6  7  8  9 10 11 12 13 14 15 16 17 18 |
---------------+-------------------------------------------------------+-----
Conjurations   | 5 6 7 8 9 11 13 16 17 | 17.3
Spellcasting   | 4 5 6 7 9 11 14 16 17 19 | 19.0
Air Magic      | 10 13 16 18 | 18.2
Fighting       | 7 10 | 10.0
Dodging        | 8 10 | 10.0
Ice Magic      | 2 6 |  6.0
Poison Magic   | 9 10 | 10.8
Transmutations | 6 |  6.0
Fire Magic     | 6 |  6.0
Shields        | 2 5 |  5.0
Stealth        | |  2.4

Action                     |  1- 3 |  4- 6 |  7- 9 | 10-12 | 13-15 | 16-18 || total
---------------------------+-------+-------+-------+-------+-------+-------++-------
  Melee: Staff             |     3 |     1 |       |       |    36 |    59 ||    99
         Punch             |       |       |       |       |     1 |       ||     1
   Cast: Magic Dart        |    91 |    75 |    55 |       |    27 |       ||   248
         Searing Ray       |     1 |    15 |    76 |     3 |    37 |       ||   132
         Fulminant Prism   |       |       |     4 |       |    40 |     3 ||    47
         Iskenderun's Myst |       |       |     2 |       |    32 |    14 ||    48
         Arcjolt           |       |       |       |     1 |    69 |   107 ||   177
         Olgreb's Toxic Ra |       |       |       |       |   137 |   271 ||   408
         Ignite Poison     |       |       |       |       |   107 |   222 ||   329
         Freezing Cloud    |       |       |       |       |    87 |    25 ||   112
         Fireball          |       |       |       |       |       |    12 ||    12
         Maxwell's Capacit |       |       |       |       |       |     7 ||     7
 Invoke: Curse Item        |       |       |       |       |     1 |     4 ||     5
    Use: Scroll            |     2 |       |       |       |    16 |     3 ||    21
         Potion            |       |       |       |     3 |       |     6 ||     9
 Armour: Robe              |     5 |     3 |    10 |       |    85 |   138 ||   241
  Dodge: Dodged            |    26 |     5 |    93 |     4 |   484 |   473 ||  1085
  Block: Buckler           |       |       |       |       |     7 |   199 ||   206
